 Seeded DCSS version 0.29-a0-1043-g569b05d6ff (webtiles) character file.

Game seed: 6412630463162705414 (custom seed)

90 flotson the Sneak (level 4, 0/36 HPs)
             Began as a Demonspawn Delver on Aug 15, 2022.
             Slain by a jackal (3 damage)
             ... on level 3 of the Dungeon.
             The game lasted 00:05:12 (3144 turns).

flotson the Sneak (Demonspawn Delver)               Turns: 3144, Time: 00:05:13

Health: 0/36       AC:  4    Str: 13 (14) XL:     4   Next: 32%
Magic:  4/4        EV: 12    Int:  8 (11) God:
Gold:   137        SH:  5    Dex: 14 (15) Spells: 3/3 levels left

rFire   . . .      SeeInvis .   a - +0 hand axe
rCold   . . .      Faith    .   (no shield)
rNeg    . . .      Spirit   .   b - +0 leather armour
rPois   +          Reflect  +   (no helmet)
rElec   .          Harm     .   l - +0 cloak
rCorr   +          Rampage  .   (no gloves)
Will    .....                   (no boots)
Stlth   ++........              s - amulet of reflection
HPRegen 0.12/turn               m - ring of resist corrosion
MPRegen 0.09/turn               j - ring of poison resistance

@: hasted, very quick
A: weakness stinger 2
a: no special abilities


You were on level 3 of the Dungeon.
You visited 1 branch of the dungeon, and saw 5 of its levels.

You collected 137 gold pieces.

Inventory:

Hand Weapons
 a - a +0 hand axe (weapon)
Missiles
 q - 4 atropa-tipped darts (quivered)
Armour
 b - a +0 leather armour (worn)
 l - a +0 cloak (worn)
Jewellery
 j - a ring of poison resistance (right hand)
 m - a ring of resist corrosion (left hand)
 s - an amulet of reflection (around neck)
Wands
 g - a wand of digging (3)
Scrolls
 c - a scroll of fog
 d - a scroll of magic mapping
 e - a scroll of fear
 h - a scroll of enchant weapon {unknown}
 i - 3 scrolls of poison {unknown}
 n - 2 scrolls of immolation {unknown}
 o - 3 scrolls of identify {unknown}
 p - 3 scrolls of brand weapon {unknown}
 r - a scroll of amnesia {unknown}
Potions
 k - a potion of flight {unknown}
 t - a potion of lignification {unknown}
 u - 2 potions of curing {unknown}


   Skills:
 + Level 3.6 Fighting
 - Level 1.7 Axes
 + Level 0.6 Throwing
 + Level 1.5 Armour
 + Level 2.5 Dodging
 - Level 4.5 Stealth
 + Level 1.6 Evocations


You had 3 spell levels left.
You didn't know any spells.
Your spell library was empty.

Dungeon Overview and Level Annotations

Branches:
Dungeon (5/15)
 Temple: D:4-7

Altars:
Makhleb

Shops:
D:3 (!*?:

Annotations:
D:3 Sigmund


Innate Abilities, Weirdness & Mutations

You have a tail ending in a sharp stinger.


Message History

The jackal attacks as you move away! You block the jackal's attack.
The jackal completely misses you.
The jackal bites you but does no damage.
The jackal misses you. The jackal attacks as you move away!
The jackal bites you but does no damage.
The jackal attacks as you move away! The jackal barely misses you.
The jackal bites you but does no damage.
You barely miss the jackal.
Your tail-slap misses the jackal.
The jackal closely misses you.
You feel yourself speed up.
The jackal bites you but does no damage.
The jackal bites you.
* * * LOW HITPOINT WARNING * * *
Unknown command.
You hit the jackal but do no damage. The jackal completely misses you.
You completely miss the jackal.
The jackal is severely wounded.
You hit the jackal.
The jackal bites you but does no damage.
The jackal barely misses you.
You hit the jackal but do no damage. You tail-slap the jackal.
Your punch misses the jackal.
The jackal is almost dead.
You hit the jackal. The jackal barely misses you.
You block the jackal's attack.
You hit the jackal.
You kill the jackal!
You hit the jackal. The jackal closely misses you.
You hit the jackal.
You kill the jackal!
You hit the jackal but do no damage. You tail-slap the jackal.
The jackal is moderately wounded.
The jackal bites you but does no damage.
The jackal bites you.
* * * LOW HITPOINT WARNING * * *
You completely miss the jackal.
The jackal is moderately wounded.
The jackal bites you.
You die...

###### #..... #...#
##..# ##
##########..#######..#
..
.........>...#.......#
.#
.....#h#.....#......#
.# ...
#@#(...........#
.#########.
#....#..####.#.#
.........+
+......#####...###
..########
##..###........... #.#
#..#.+...(....... #.#
#..#.#........... ..#
#..#.#........... #.#
#).#.#..........# ..#
#....##########.#


You could see a jackal.

Vanquished Creatures
  4 adders
  2 worms
  A dart slug (D:2)
  An orc (D:3)
  4 bats
  5 endoplasms
  3 giant cockroaches
  4 goblins
  5 hobgoblins
  3 jackals (D:3)
  4 kobolds
  2 quokkas (D:1)
  2 ball pythons
  A frilled lizard (D:1)
  A rat (D:3)
42 creatures vanquished.

Notes
Turn   | Place    | Note
-------+----------+-------------------------------------------
     0 | D:5      | flotson the Demonspawn Delver began the quest for the Orb.
     0 | D:5      | Reached XP level 1. HP: 18/18 MP: 1/1
     2 | D:5      | Noticed a hound
    43 | D:5      | Noticed a gnoll sergeant
    43 | D:5      | Noticed a phantom
   915 | D:1      | Gained mutation: You have a small tail. [demonic ancestry]
   915 | D:1      | Reached XP level 2. HP: 18/24 MP: 2/2
  1513 | D:2      | Reached skill level 1 in Evocations
  1679 | D:2      | Reached skill level 1 in Armour
  1741 | D:2      | Reached XP level 3. HP: 29/29 MP: 3/3
  1936 | D:2      | Found a faded altar of an unknown god.
  2523 | D:3      | Found Ixtiup's Book Shop.
  2527 | D:3      | Noticed Sigmund
  2812 | D:3      | Found Jamatim's Assorted Antiques.
  2824 | D:3      | Found Oxkiub's Weapon Emporium.
  2837 | D:3      | Gained mutation: You have a tail ending in a sharp stinger.
                  | [demonic ancestry]
  2837 | D:3      | Reached XP level 4. HP: 35/35 MP: 4/4
  2971 | D:3      | Found a burning altar of Makhleb.
  3004 | D:3      | Noticed an angel
  3005 | D:3      | Noticed a balrug
  3017 | D:3      | Found Guusim's Distillery.
  3027 | D:3      | Found Tolazxow's Magic Scroll Emporium.
  3031 | D:3      | You fall into a shaft and drop 1 floor!
  3144 | D:3      | Slain by a jackal

Illustrated notes

Levels and vault maps discovered:
D:1:      scummos_arrival_checkerplants, layout_loops_ring
D:2:      layout_loops_ring, hellmonk_ecumenical_altar_leap_of_faith
D:3:      layout_basic, grunt_temple_overflow_order_and_chaos_2,
          mainiacjoe_overflow_24_doors, nicolae_sif_muna_condensation,
          serial_shops, shop, nicolae_shop_advertising_works
          [nicolae_subvault_shop_adworks], shop, shop,
          nicolae_shop_hallway_stairs, uniq_sigmund
D:4:      minmay_evil_eye, layout_gridville, minivault_25
D:5:      layout_basic

Skill      XL: |  1  2 |
---------------+-------+-----
Dodging        | 2 |  2.5
Evocations     | 1 |  1.6
Armour         | 1 |  1.5
Fighting       | |  3.6
Axes           | |  1.7
Throwing       | |  0.6
Stealth        | |  4.5

Action                   |  1- 3 |  4- 6 || total
-------------------------+-------+-------++-------
Melee: Hand axe          |   134 |    22 ||   156
       Tailslap          |    13 |     3 ||    16
Throw: Dart              |     2 |       ||     2
  Use: Potion            |     3 |     1 ||     4
 Stab: Sleeping          |     9 |       ||     9
       Invisible         |     1 |       ||     1
Armor: Leather armour    |    33 |    25 ||    58
Dodge: Dodged            |    74 |    46 ||   120
Block: Other             |     9 |    14 ||    23

Table legend: (Time is in decaauts)
 A = Elapsed time spent in this place.
 B = Non-inter-level travel time spent in this place.
 C = Inter-level travel time spent in this place.
 D = Time resting spent in this place.
 E = Time spent auto-exploring this place.
 F = Levels seen in this place.
 G = Mean time per level.
                   A        B        C        D        E       F      G
               +--------+--------+--------+--------+--------+-----+--------+
         Total |   3157 |   3076 |     81 |      0 |   2526 |   5 |  631.4 |
       Dungeon |   3157 |   3076 |     81 |      0 |   2526 |   5 |  631.4 |
               +--------+--------+--------+--------+--------+-----+--------+

Top non-repeatable levels by time:
     D:2: 1253 daAuts
     D:1: 1037 daAuts
     D:3: 719 daAuts
     D:4: 100 daAuts
     D:5: 47 daAuts
